 Dungeon Crawl Stone Soup version 0.23.2-30-g0e89c35649 (webtiles) character file.

Game seed: 3656514445279307699

200992 shadizar the Peltast (level 18, -2/119 HPs)
             Began as a Gargoyle Fighter on June 21, 2019.
             Was a High Priest of Okawaru.
             Slain by Arachne
             ... wielding an uncursed staff of poison
              (9 damage)
             ... on level 3 of the Spider Nest.
             The game lasted 01:19:52 (34561 turns).

shadizar the Peltast (Gargoyle Fighter)            Turns: 34561, Time: 01:19:53

Health: -2/119     AC: 54    Str: 27    XL:     18   Next: 53%
Magic:  22/25      EV: 13    Int: 10    God:    Okawaru [*****.]
Gold:   2253       SH: 21    Dex:  9    Spells: 17/17 levels left

rFire    + + +     SeeInvis .   B - +7 morningstar "Ishauvu" {holy, rElec rF+}
rCold    + + .     Gourm    .   c - +2 shield {rC+ rF+}
rNeg     + . .     Faith    .   P - +2 crystal plate armour rPois āˆž Spirit .
                                A - +1 helmet
rElec    +         Reflect  +   Y - scarf {rC+ rF+}
rCorr    +         Harm     .   v - +3 pair of gauntlets of War {Slay+5}
MR       ++...     Rnd*Rage +   S - +2 pair of boots {run}
Stlth    ..........             i - +3 amulet of reflection
HPRegen  0.29/turn              C - ring of protection from magic
MPRegen  0.19/turn              u - ring of resist corrosion

@: heroism, berserk cooldown, flying, slowed, very slow
A: big wings, berserk 1, negative energy resistance 1, electricity resistance,
unbreathing, petrification resistance, rot immunity, AC +13
}: 1/15 runes: barnacled
a: Stop Flying, Heroism, Finesse, Renounce Religion


You were on level 3 of the Spider Nest.
You worshipped Okawaru.
Okawaru was extremely pleased with you.
You were not hungry.

You visited 6 branches of the dungeon, and saw 31 of its levels.
You also visited: Ice Cave.

You collected 3737 gold pieces.
You spent 1484 gold pieces at shops.

Inventory:

Hand Weapons
 B - the +7 morningstar "Ishauvu" (weapon) {holy, rElec rF+}
   (Okawaru gifted it to you on level 13 of the Dungeon)

   It has been blessed by the Shining One to cause great damage to the undead
   and demons.
   It protects you from fire.
   It insulates you from electricity.
 Q - the +6 morningstar "Omirom" {crush, +Inv rC+ MP-9 Int+5}
   (Okawaru gifted it to you on level 3 of the Lair of Beasts)

   It inflicts extra damage upon your enemies.
   It affects your intelligence (+5).
   It protects you from cold.
   It affects your magic capacity (-9).
   It lets you turn invisible.
 W - the +8 demon blade "Leech" {vamp, rN+ AC-3 EV-3}
   (You took it off a merfolk on level 4 of the Shoals)

   It inflicts no extra harm, but heals its wielder when it wounds a living foe.
   It affects your AC (-3).
   It affects your evasion (-3).
   It protects you from negative energy.
Missiles
 V - 79 sling bullets
Armour
 c - a +2 shield of resistance (worn)
 j - the +6 leather armour "Dito" {rF++}
   (You found it on level 3 of the Shoals)

   It greatly protects you from fire.
 v - the +3 pair of gauntlets of War (worn) {Slay+5}
   (You bought it in a shop on level 2 of the Orcish Mines)

   It affects your accuracy and damage with ranged weapons and melee attacks
   (+5).
 A - a +1 helmet (worn)
 P - a +2 crystal plate armour (worn)
 S - a +2 pair of boots of running (worn)
 Y - a scarf of resistance (worn)
Jewellery
 g - an uncursed ring of ice
 i - a +3 amulet of reflection (around neck)
 u - a ring of resist corrosion (right hand)
 C - a ring of protection from magic (left hand)
 D - an uncursed ring of fire
 E - the ring of Usuiq {Ice rPois Str-5 Slay+3}
   (You took it off a merfolk impaler on level 4 of the Shoals)

   [ring of ice]

   It enhances your ice magic.
   It affects your strength (-5).
   It affects your accuracy and damage with ranged weapons and melee attacks
   (+3).
   It makes you vulnerable to fire.
   It protects you from cold.
   It protects you from poison.
 K - an uncursed ring of protection from cold
Wands
 d - a wand of clouds (4)
 e - a wand of iceblast (28)
 t - a wand of random effects (30)
 z - a wand of flame (46)
 G - a wand of polymorph (33)
 L - a wand of acid (13)
 M - a wand of disintegration (26)
Scrolls
 a - a scroll of fear
 b - 10 scrolls of teleportation
 h - 19 scrolls of identify
 l - 13 scrolls of remove curse
 p - 4 scrolls of silence {unknown}
 q - a scroll of magic mapping
 r - 4 scrolls of blinking
 s - 8 scrolls of enchant armour
 N - 5 scrolls of enchant weapon
 R - 2 scrolls of fog
Potions
 m - 3 potions of ambrosia
 n - 3 potions of resistance
 o - 9 potions of agility
 w - 3 potions of might
 x - 5 potions of curing
 F - 2 potions of brilliance
 H - a potion of cancellation
 J - 2 potions of invisibility
 T - a potion of magic
 U - 2 potions of haste
 X - a potion of berserk rage
Miscellaneous
 O - a lightning rod (4/4)
 Z - a lightning rod (4/4)
Comestibles
 f - 46 rations


   Skills:
 + Level 15.2(20.2) Fighting
 + Level 14.2(19.2) Maces & Flails
 + Level 15.3(20.3) Armour
 + Level 11.8(16.8) Dodging
 + Level 15.4(20.4) Shields
 - Level 10.0 Invocations
 - Level 5.2 Evocations


You had 17 spell levels left.
You didn't know any spells.
Your spell library contained the following spells:

 Spells                   Type           Power        Failure   Level  Hunger
 Animate Skeleton         Necr           N/A          99%         1    ##.....
 Apportation              Tloc           #.....       99%         1    ##.....
 Beastly Appendage        Tmut           #.....       99%         1    ##.....
 Confusing Touch          Hex            #.....       99%         1    ##.....
 Corona                   Hex            #......      99%         1    ##.....
 Flame Tongue             Conj/Fire      #....        99%         1    ##.....
 Infusion                 Chrm           #...         99%         1    ##.....
 Magic Dart               Conj           #...         99%         1    ##.....
 Summon Small Mammal      Summ           #...         99%         1    ##.....
 Ensorcelled Hibernation  Hex/Ice        #.....       100%        2    ###....
 Poisonous Vapours        Pois/Air       #.....       100%        2    ###....
 Searing Ray              Conj           #.....       100%        2    ###....
 Shroud of Golubria       Chrm/Tloc      #.........   100%        2    ###....
 Song of Slaying          Chrm           #.......     100%        2    ###....
 Sticks to Snakes         Tmut           #.......     100%        2    ###....
 Throw Flame              Conj/Fire      #.....       100%        2    ###....
 Confuse                  Hex            #.......     100%        3    ####...
 Conjure Flame            Conj/Fire      #.......     100%        3    ####...
 Dazzling Spray           Conj/Hex       #.....       100%        3    ####...
 Gell's Gravitas          Tloc           #.........   100%        3    ####...
 Ignite Poison            Fire/Tmut/Pois #.......     100%        3    ####...
 Inner Flame              Hex/Fire       #.......     100%        3    ####...
 Mephitic Cloud           Conj/Pois/Air  #.......     100%        3    ####...
 Portal Projectile        Hex/Tloc       #.....       100%        3    ####...
 Recall                   Summ/Tloc      N/A          100%        3    ####...
 Regeneration             Chrm/Necr      #.........   100%        3    ####...
 Spectral Weapon          Hex/Chrm       #.......     100%        3    ####...
 Spider Form              Tmut/Pois      #.........   100%        3    ####...
 Tukima's Dance           Hex            #.......     100%        3    ####...
 Force Lance              Conj/Tloc      #.......     100%        4    #####..
 Fulminant Prism          Conj/Hex       #.........   100%        4    #####..
 Ice Form                 Ice/Tmut       #.......     100%        4    #####..
 Iskenderun's Mystic Bla  Conj           #.......     100%        4    #####..
 Sticky Flame             Conj/Fire      #.......     100%        4    #####..
 Aura of Abjuration       Summ           #.........   100%        5    ######.
 Blade Hands              Tmut           #.........   100%        5    ######.
 Fireball                 Conj/Fire      #.........   100%        5    ######.
 Irradiate                Conj/Tmut      #.........   100%        5    ######.
 Metabolic Englaciation   Hex/Ice        #.........   100%        5    ######.
 Summon Demon             Summ           #.........   100%        5    ######.
 Summon Forest            Summ/Tloc      #.........   100%        5    ######.
 Summon Mana Viper        Hex/Summ       #.......     100%        5    ######.
 Bolt of Cold             Conj/Ice       #.........   100%        6    #######
 Bolt of Fire             Conj/Fire      #.........   100%        6    #######
 Dispersal                Tloc           #.........   100%        6    #######
 Freezing Cloud           Conj/Ice/Air   #.........   100%        6    #######
 Hydra Form               Tmut           #.........   100%        6    #######
 Ozocubu's Refrigeration  Ice            #.........   100%        6    #######
 Shadow Creatures         Summ           N/A          100%        6    #######
 Simulacrum               Ice/Necr       #.........   100%        6    #######
 Dragon Form              Tmut           #.........   100%        7    #######
 Ring of Flames           Chrm/Fire      #.........   100%        7    #######
 Controlled Blink         Tloc           N/A          100%        8    #######
 Disjunction              Tloc           #.........   100%        8    #######
 Ignition                 Fire           #.........   100%        8    #######
 Statue Form              Tmut/Erth      Unusable     N/A         6    N/A

Dungeon Overview and Level Annotations

Branches:
Dungeon (15/15)            Temple (1/1) D:4            Lair (6/6) D:10
 Shoals (4/4) Lair:3       Spider (3/4) Lair:2        Slime (0/5) Lair:6
    Orc (2/2) D:11            Elf (0/3) Orc:2        Vaults (0/5) D:13
 Depths (0/5) D:15

Altars:
Ashenzari
Cheibriados
Dithmenos
Elyvilon
Fedhas
Gozag
Hepliaklqana
Kikubaaqudgha
Makhleb
Nemelex Xobeh
Okawaru
Qazlal
Ru
Sif Muna
Trog
Uskayaw
Vehumet
Wu Jian
Xom
Yredelemnul
Zin
The Shining One
Beogh
Jiyva

Shops:
D:7 *   Orc:2 [[[([

Annotations:
D:5 Prince Ribbit
Lair:4 exclusion: oklob plant
Shoals:1 1 runed translucent door, TheAlmogaver's ghost, adept GnWz
Spider:3 Arachne


Innate Abilities, Weirdness & Mutations

You are resistant to torment.
Your stone body is resilient. (AC +13)
You are immune to poison.
Your large and strong wings let you fly indefinitely.
You resist negative energy. (rN+)
You are resistant to electric shocks. (rElec)
You can survive without breathing.
You are immune to petrification.
You are immune to rotting.
You tend to lose your temper in combat.


Message History

The jumping spider bites you but does no damage.
You are no longer berserk.
You are exhausted.
You feel yourself slow down.
The jumping spider leaps! x3
A redback comes into view.
The jumping spider leaps!
The jumping spider pounces on you but does no damage.
You block the jumping spider's attack. The jumping spider pounces on you!
* * * LOW HITPOINT WARNING * * *
You block the jumping spider's attack.
The jumping spider leaps!
The jumping spider closely misses you. The jumping spider barely misses you.
You block Arachne's attack.
The jumping spider leaps! x2; You block Arachne's attack.
The jumping spider pounces on you but does no damage.
You block the jumping spider's attack.
The jumping spider leaps!
The jumping spider leaps!
Arachne hits you with an uncursed staff of poison!
You die...

#^. #....ā€ ....^..
# #.##..##ss.....#
..####.....#.sā€
#....#
.............##.##..
..........s.....##
##....s..........
#....ā—‹.s....#....
##...H..#........
##..@......^.....
#...<.^...#......
#..$.....###...#
#...$..### #.##
#.#...## #..
...s....# #.
#......>## #......##
.........


You could see Arachne, 2 orb spiders, 4 jumping spiders and a redback.

Vanquished Creatures
  Nikola (Shoals:2)
  An Ice Fiend (IceCv)
  Asterion (Spider:1)
  A kraken (Shoals:3)
  Kirke (D:14)
  A frost giant (D:15)
  A ghost moth (Spider:2)
  An emperor scorpion (Spider:3)
  An orc warlord (Orc:1)
  An entropy weaver (Spider:2)
  A dire elephant (Lair:5)
  The ghost of Juyjoc the Nimble, a journeyman GnMo of Ashenzari (Lair:5)
  A spark wasp (Spider:2)
  Azrael (D:13)
  2 merfolk javelineers (Shoals:4)
  The ghost of TrebMcFLY the Basher, a journeyman GrFi of Okawaru (Lair:1)
  9 merfolk impalers
  The ghost of Grendash the Protected, a journeyman MiFi of the Shining One (D:12)
  Fannar (D:12)
  Harold (D:7)
  4 hydras
  3 fire dragons
  4 vault guards (D:13)
  2 alligator snapping turtles
  5 merfolk avatars
  3 centaur warriors
  9 merfolk aquamancers
  An ogre mage (D:15)
  2 death yaks (Lair:2)
  9 two-headed ogres
  4 tengu warriors (D:15)
  An orc high priest (Orc:2)
  2 unseen horrors (D:11)
  12 sea snakes
  A wizard (D:13)
  A swamp dragon (Lair:6)
  An unseen horror (shapeshifter) (D:14)
  4 harpies
  2 deep elf magi
  A lindwurm (Lair:6)
  3 orc knights
  6 fauns
  17 ugly things
  5 orb spiders
  10 wolf spiders
  An orc sorcerer (Orc:2)
  18 manticores
  A moth of wrath (Spider:1)
  2 cyclopes
  Maurice (D:8)
  6 black mambas
  Joseph (D:9)
  23 elephants
  10 merfolk sirens
  6 water nymphs
  10 spiny frogs
  3 centaur skeletons
  2 ice statues
  Psyche (D:12)
  8 torpor snails
  6 gargoyles
  2 rime drakes
  2 demonic crawlers
  3 freezing wraiths
  A yaktaur (D:15)
  15 komodo dragons
  A komodo dragon (shapeshifter) (D:14)
  4 ice devils (IceCv)
  A golden dragon simulacrum (IceCv)
  3 tengu conjurers
  26 jumping spiders
  3 meliai (D:15)
  2 polar bears
  8 wind drakes
  8 trolls
  12 hornets
  4 tyrant leeches (Lair:6)
  45 merfolk
  A queen bee (Lair:2)
  A wolf spider simulacrum (IceCv)
  11 blink frogs
  8 snapping turtles
  A harpy skeleton (D:15)
  8 slime creatures
  8 dream sheep
  8 hippogriffs
  48 redbacks
  2 vampires
  15 water elementals
  Sigmund (D:4)
  23 yaks
  4 dire elephant simulacra (IceCv)
  2 fire elementals (D:13)
  5 basilisks
  Eustachio (D:5)
  8 wyverns
  18 tarantellas
  2 steam dragons (Lair:6)
  3 hungry ghosts
  Menkaure (D:7)
  A warg (Orc:2)
  4 iron troll simulacra (IceCv)
  An acid dragon (D:15)
  3 harpy simulacra (IceCv)
  2 hell hounds (D:13)
  3 hydra simulacra (IceCv)
  10 porcupines
  4 swamp drakes
  16 water moccasins
  6 black bears
  33 orc warriors
  3 ice beasts
  10 sky beasts
  A hornet zombie (D:13)
  4 phantoms
  A necrophage (D:5)
  9 ogres
  9 wolves
  8 centaurs
  9 crocodiles
  3 big kobolds
  A big kobold (shapeshifter) (D:14)
  Blork the orc (D:6)
  A wyvern zombie (D:10)
  18 bullfrogs
  A wyvern skeleton (D:11)
  A hornet simulacrum (D:14)
  A water moccasin skeleton (D:8)
  7 scorpions
  20 killer bees
  An electric eel (Lair:3)
  3 wights (D:5)
  4 crimson imps
  2 centaur zombies
  4 howler monkeys
  3 bullfrog zombies
  7 hounds
  8 jellies
  4 draconian simulacra (IceCv)
  24 orc priests
  28 orc wizards
  A bullfrog skeleton (D:6)
  8 iguanas
  9 worker ants
  2 spriggan simulacra (IceCv)
  2 polar bear simulacra (IceCv)
  A troll simulacrum (IceCv)
  3 wolf simulacra (IceCv)
  A killer bee zombie (D:7)
  2 centaur simulacra (IceCv)
  2 hound zombies
  2 hound skeletons
  4 gnolls (D:4)
  15 adders
  A howler monkey skeleton (D:7)
  5 naga simulacra (IceCv)
  4 ogre simulacra (IceCv)
  5 shadow imps
  4 white imps (IceCv)
  4 ufetubi (IceCv)
  3 oozes
  2 adder skeletons (D:4)
  An adder zombie (D:5)
  2 worms
  3 dart slugs
  5 leopard geckos
  122 orcs
  2 ball pythons
  3 giant cockroaches
  8 goblins
  8 hobgoblins
  7 jackals
  16 kobolds
  9 quokkas
  A ball python skeleton (D:5)
  4 bats
  3 frilled lizards
  A leopard gecko skeleton (D:8)
  9 rats
  2 plants
1124 creatures vanquished.

Vanquished Creatures (others)
  2 merfolk javelineers
  A centaur warrior (D:13)
  3 centaurs
  An orc wizard (D:15)
  4 ufetubi (IceCv)
  3 orcs
  5 fungi
  21 plants
  8 tentacles (Shoals:3)
48 creatures vanquished.

Grand Total: 1172 creatures vanquished

Notes
Turn   | Place    | Note
-------+----------+-------------------------------------------
     0 | D:1      | shadizar the Gargoyle Fighter began the quest for the Orb.
     0 | D:1      | Reached XP level 1. HP: 14/14 MP: 1/1
   123 | D:1      | Reached XP level 2. HP: 16/19 MP: 2/2
   466 | D:1      | You fall through a shaft!
  1018 | D:2      | Reached XP level 3. HP: 18/24 MP: 3/3
  1336 | D:2      | Found a blossoming altar of Fedhas.
  2046 | D:3      | Reached XP level 4. HP: 29/29 MP: 4/4
  2050 | D:3      | Found a shattered altar of Ashenzari.
  2175 | D:2      | Reached XP level 5. HP: 4/33 MP: 5/5
  2629 | D:3      | Noticed an ogre
  2696 | D:4      | Reached XP level 6. HP: 22/38 MP: 6/6
  2723 | D:4      | Reached skill level 1 in Dodging
  2730 | D:4      | Found a staircase to the Ecumenical Temple.
  2736 | Temple   | Entered the Ecumenical Temple
  2788 | Temple   | Became a worshipper of Warmaster Okawaru
  2957 | D:4      | Noticed Sigmund
  3000 | D:5      | Entered Level 5 of the Dungeon
  3007 | D:5      | Reached skill level 5 in Shields
  3080 | D:5      | Noticed a necrophage
  3088 | D:5      | Killed a necrophage
  3088 | D:5      | Reached XP level 7. HP: 33/43 MP: 7/7
  3183 | D:5      | Noticed Prince Ribbit
  3282 | D:5      | Noticed Eustachio
  3472 | D:5      | HP: 2/44 [quokka[Eustachio] (3)]
  3476 | D:5      | Killed Eustachio
  3476 | D:5      | Reached * piety under Okawaru
  3866 | D:5      | Found a basalt altar of Yredelemnul.
  4187 | D:5      | Found a shadowy altar of Dithmenos.
  4428 | D:5      | Reached skill level 5 in Maces & Flails
  4436 | D:5      | Reached skill level 5 in Armour
  4454 | D:5      | Reached XP level 8. HP: 11/48 MP: 8/8
  5374 | D:6      | Reached skill level 5 in Fighting
  5529 | D:6      | Found a burning altar of Makhleb.
  5529 | D:6      | Noticed a cacodemon
  5586 | D:6      | Reached ** piety under Okawaru
  5663 | D:6      | Noticed Blork the orc
  5674 | D:6      | Killed Blork the orc
  5953 | D:6      | Found a bloodstained altar of Trog.
  6061 | D:5      | HP: 1/51 [Prince Ribbit (6)]
  6405 | D:6      | Found a sacrificial altar of Ru.
  6405 | D:6      | Found a snail-covered altar of Cheibriados.
  6472 | D:6      | Reached XP level 9. HP: 29/55 MP: 9/9
  6909 | D:4      | Killed Sigmund
  7223 | D:3      | Found a hazy altar of Hepliaklqana.
  7337 | D:4      | Found a snail-covered altar of Cheibriados.
  7373 | D:4      | Found a deep blue altar of Sif Muna.
  8061 | D:7      | Noticed Menkaure
  8071 | D:7      | Killed Menkaure
  8165 | D:7      | Noticed Harold
  8190 | D:7      | Killed Harold
  8190 | D:7      | Reached *** piety under Okawaru
  8190 | D:7      | Reached skill level 1 in Invocations
  8190 | D:7      | Reached XP level 10. HP: 12/63 MP: 6/11
  8628 | D:7      | Found Goatrum's Serpentskin Sales.
  8965 | D:8      | Noticed a two-headed ogre
  8974 | D:8      | Killed a two-headed ogre
  8974 | D:8      | Reached **** piety under Okawaru
  9347 | D:8      | Noticed Maurice
  9367 | D:8      | Killed Maurice
  9439 | D:8      | Reached skill level 5 in Dodging
  9678 | D:8      | Found a glowing silver altar of Zin.
 10208 | D:8      | Found a sparkling altar of Nemelex Xobeh.
 10521 | D:9      | Noticed Joseph
 10551 | D:9      | Killed Joseph
 10560 | D:9      | Reached ***** piety under Okawaru
 10807 | D:9      | Reached XP level 11. HP: 68/68 MP: 14/14
 11220 | D:10     | Entered Level 10 of the Dungeon
 11561 | D:10     | Reached skill level 5 in Invocations
 12040 | D:10     | Found a staircase to the Lair.
 12521 | Lair:1   | Entered Level 1 of the Lair of Beasts
 12523 | Lair:1   | Noticed a four-headed hydra
 12539 | Lair:1   | Killed a four-headed hydra
 12571 | Lair:1   | Received a gift from Okawaru
 12734 | Lair:1   | Noticed TrebMcFLY's ghost (journeyman GrFi)
 12735 | Lair:1   | Found a transporter.
 12739 | Lair:1   | Got a transparent robe
 12741 | Lair:1   | Found a transporter.
 13694 | Lair:2   | Reached XP level 12. HP: 19/76 MP: 16/16
 14514 | Lair:2   | Found a hole to the Spider Nest.
 14598 | Lair:2   | Reached skill level 10 in Shields
 14976 | Lair:2   | Noticed a death yak
 14979 | Lair:2   | Noticed a death yak
 15010 | Lair:2   | Killed a death yak
 15022 | Lair:2   | Killed a death yak
 15331 | Lair:2   | Received a gift from Okawaru
 15391 | Lair:2   | Reached skill level 10 in Armour
 15730 | Lair:3   | Reached skill level 10 in Fighting
 16085 | Lair:3   | Reached XP level 13. HP: 81/82 MP: 18/18
 16406 | Lair:3   | Reached skill level 10 in Maces & Flails
 16798 | Lair:3   | Received a gift from Okawaru
 16801 | Lair:3   | Got an ivory morningstar {god gift}
 16803 | Lair:3   | Identified the +6 morningstar "Omirom" {crush, +Inv rC+
                  | MP-9 Int+5} (Okawaru gifted it to you on level 3 of the
                  | Lair of Beasts)
 16880 | Lair:3   | Found a staircase to the Shoals.
 17500 | Lair:4   | Found a bloodstained altar of Trog.
 18472 | Lair:5   | Received a gift from Okawaru
 18658 | Lair:5   | Found a transporter.
 18659 | Lair:5   | Noticed a dire elephant
 18661 | Lair:5   | Noticed Juyjoc's ghost (journeyman GnMo)
 18678 | Lair:5   | Found a transporter.
 19070 | Lair:6   | Entered Level 6 of the Lair of Beasts
 19175 | Lair:6   | Gained mutation: Your large and strong wings let you fly
                  | indefinitely. [Gargoyle growth]
 19175 | Lair:6   | Reached XP level 14. HP: 71/90 MP: 11/20
 19381 | Lair:6   | Received a gift from Okawaru
 19512 | Lair:6   | Identified a +2 pair of boots of running (Okawaru gifted it
                  | to you on level 6 of the Lair of Beasts)
 19855 | Lair:6   | Found a viscous altar of Jiyva.
 19856 | Lair:6   | Found a staircase to the Slime Pits.
 19943 | Lair:6   | Identified 2 scrolls of acquirement
 19946 | Lair:6   | Got a crude ivory ring
 19953 | Lair:6   | Identified the ring "Qomalam" {Int+2 Dex+2} (You acquired
                  | it on level 6 of the Lair of Beasts)
 19987 | Lair:6   | Identified the +2 robe of Grace {+Inv Str+2 Int+4} (You
                  | found it on level 1 of the Lair of Beasts)
 20178 | Lair:6   | Found a runed translucent door.
 20664 | Lair:5   | Killed a dire elephant
 20693 | Lair:5   | Killed Juyjoc's ghost
 20895 | Lair:1   | Received a gift from Okawaru
 20915 | Lair:1   | Killed TrebMcFLY's ghost
 20915 | Lair:1   | Reached skill level 10 in Invocations
 21561 | D:11     | Reached skill level 1 in Evocations
 21574 | D:11     | Found a staircase to the Orcish Mines.
 22311 | Orc:1    | Entered Level 1 of the Orcish Mines
 22508 | Orc:2    | Entered Level 2 of the Orcish Mines
 22508 | Orc:2    | Found Osaij's Antique Armour Shop.
 22540 | Orc:2    | Found a staircase to the Elven Halls.
 22644 | Orc:2    | Bought the +3 pair of gauntlets of War {Slay+5} for 1282
                  | gold pieces
 22644 | Orc:2    | Found the +3 pair of gauntlets of War {Slay+5}
 22644 | Orc:2    | Bought a glowing helmet for 202 gold pieces
 22824 | Orc:2    | Noticed an orc warlord
 22909 | Orc:1    | Reached XP level 15. HP: 31/96 MP: 11/22
 23174 | Orc:1    | Killed an orc warlord
 23247 | Orc:2    | Found a roughly hewn altar of Beogh.
 23248 | Orc:2    | Found Cuufydeg's Armour Shoppe.
 23471 | Orc:2    | Found a roughly hewn altar of Beogh.
 23472 | Orc:2    | Found Axefrep's Antique Armour Shop.
 23611 | Orc:2    | Found Motireif's Antique Weapon Shoppe.
 23612 | Orc:2    | Found a roughly hewn altar of Beogh.
 23613 | Orc:2    | Found Orghoxoa's Antique Armour Emporium.
 23728 | Orc:2    | Found a roughly hewn altar of Beogh.
 23914 | Orc:1    | Found a roughly hewn altar of Beogh.
 24183 | D:12     | Found a transporter.
 24186 | D:12     | Noticed Grendash's ghost (journeyman MiFi)
 24190 | D:12     | Identified the +11 dire flail "Joukudoe" {protect, rPois
                  | rF+ Int+4}
 24190 | D:12     | Identified the +7 dire flail of True Grit {vamp, +Rage
                  | rPois MR- Int+9}
 24195 | D:12     | Found a transporter.
 24213 | D:12     | Received a gift from Okawaru
 24226 | D:12     | Killed Grendash's ghost
 24232 | D:12     | Noticed Fannar
 24289 | D:12     | Killed Fannar
 24557 | D:12     | Noticed Psyche
 24603 | D:12     | Killed Psyche
 24934 | D:13     | You are sucked into a shaft for 2 floors!
 24934 | D:15     | Entered Level 15 of the Dungeon
 25789 | D:15     | Received a gift from Okawaru
 25937 | D:15     | Found a staircase to the Depths.
 25937 | D:15     | Noticed a frost giant
 25943 | D:15     | Killed a frost giant
 26048 | D:14     | Reached ****** piety under Okawaru
 26229 | D:14     | Noticed Kirke
 26240 | D:14     | Killed Kirke
 26240 | D:14     | Reached XP level 16. HP: 91/103 MP: 14/23
 26473 | D:14     | Reached skill level 10 in Dodging
 26900 | D:13     | Received a gift from Okawaru
 26902 | D:13     | Reached skill level 5 in Evocations
 26922 | D:13     | Got a brightly glowing morningstar {god gift}
 27013 | D:13     | Noticed Azrael
 27031 | D:13     | Killed Azrael
 27253 | D:13     | Found a gate to the Vaults.
 27579 | D:13     | Identified the +7 morningstar "Ishauvu" {holy, rElec rF+}
                  | (Okawaru gifted it to you on level 13 of the Dungeon)
 27744 | Shoals:1 | Entered Level 1 of the Shoals
 28297 | Shoals:1 | Found a runed translucent door.
 28297 | Shoals:1 | Noticed TheAlmogaver's ghost (adept GnWz)
 28365 | Shoals:1 | Received a gift from Okawaru
 28837 | Shoals:2 | Noticed Nikola
 28858 | Shoals:2 | Killed Nikola
 28907 | Shoals:2 | Found a frozen archway.
 29032 | IceCv    | Entered an ice cave
 29467 | IceCv    | Noticed an Ice Fiend
 29495 | IceCv    | Killed an Ice Fiend
 30036 | Shoals:2 | Reached XP level 17. HP: 104/110 MP: 24/24
 30417 | Shoals:3 | Got a faintly glowing leather armour
 30795 | Shoals:3 | Received a gift from Okawaru
 30823 | Shoals:3 | Noticed a kraken
 31116 | Shoals:3 | Killed a kraken
 31400 | Shoals:4 | Entered Level 4 of the Shoals
 31579 | Shoals:4 | Identified the ring of Usuiq {Ice rPois Str-5 Slay+3}
 31694 | Shoals:4 | Got a barnacled rune of Zot
 31759 | Shoals:4 | Identified the +1 scimitar of Dried Tears {holy, rPois MR+
                  | Str+4}
 32065 | Shoals:4 | Received a gift from Okawaru
 32650 | Shoals:4 | Reached skill level 15 in Shields
 32829 | Spider:1 | Entered Level 1 of the Spider Nest
 32856 | Lair:2   | Reached XP level 18. HP: 81/117 MP: 25/25
 33374 | Spider:1 | Reached skill level 15 in Armour
 33419 | Spider:1 | Identified the +6 leather armour "Dito" {rF++} (You found
                  | it on level 3 of the Shoals)
 33635 | Spider:1 | Noticed Asterion
 33662 | Spider:1 | Gained mutation: You tend to lose your temper in combat. [a
                  | cacodemon]
 33664 | Spider:1 | Killed Asterion
 33829 | Spider:2 | Reached skill level 15 in Fighting
 33941 | Spider:2 | Received a gift from Okawaru
 34537 | Spider:3 | Noticed Arachne
 34561 | Spider:3 | Slain by Arachne

Skill      XL: |  1  2  3  4  5  6  7  8  9 10 11 12 13 14 15 16 17 18 |
---------------+-------------------------------------------------------+-----
Shields        | 4 5 6 7 8 9 10 11 12 13 14 15 | 15.4
Maces & Flails | 3 4 5 6 7 8 9 10 11 12 13 14 | 14.2
Armour         | 4 5 6 7 8 9 10 11 12 13 14 15 | 15.3
Dodging        | 1 2 3 4 5 6 7 8 9 10 11 | 11.8
Fighting       | 4 5 7 8 9 10 11 12 13 14 15 | 15.2
Invocations    | 1 4 6 7 9 10 | 10.0
Evocations     | 1 4 5 |  5.2

Action                   |  1- 3 |  4- 6 |  7- 9 | 10-12 | 13-15 | 16-18 || total
-------------------------+-------+-------+-------+-------+-------+-------++-------
Melee: Flail             |   146 |   183 |   595 |  1159 |       |       ||  2083
       Morningstar       |       |       |       |   121 |  1521 |  1695 ||  3337
Invok: Heroism           |       |       |     6 |    19 |    26 |    17 ||    68
       Finesse           |       |       |       |     2 |     5 |     6 ||    13
 Abil: Fly               |       |       |       |       |     1 |       ||     1
  Use: Potion            |       |       |    11 |       |     3 |     1 ||    15
       Scroll            |       |       |       |    18 |    14 |     5 ||    37
  Eat: Chunk             |     2 |     6 |    15 |    25 |    33 |    20 ||   101
       Ration            |       |       |     2 |     2 |       |     2 ||     6
Armor: Scale mail        |    94 |   101 |   277 |       |       |       ||   472
       Chain mail        |       |       |    74 |   494 |    80 |     4 ||   652
       Skin              |       |       |       |     1 |       |       ||     1
       Plate armour      |       |       |       |       |   655 |   113 ||   768
       Crystal plate arm |       |       |       |       |       |  1069 ||  1069
Dodge: Dodged            |    51 |    50 |   216 |   380 |   481 |   569 ||  1747
Block: Shield            |    95 |   105 |   292 |       |   996 |  1692 ||  3180
       Large shield      |       |       |   191 |  1325 |   540 |       ||  2056
       Reflection        |       |       |       |       |    30 |    76 ||   106
